Map: Apotheosis LE

Players

SuperFish

  • Race: Terran Terran

Nickos - Winner!

  • Race: Terran Terran
  • League: Gold

VOD

Have the link to the VOD?

Description

Time

  • Played on: Sept. 19, 2016, 6:12 a.m.
  • Length: 10:15
Show
View Real Time Build Order
Export as new Build Order

SuperFish Terran 

Build Orders: MMM Bio 

Get SALT Encoding   

  12  0:03  SCV  
  13  0:15  SCV  
  14  0:29  Supply Depot, SCV  
  15  0:51  SCV  
  15  0:53  Barracks  
  16  1:13  Barracks  
  16  1:19  Barracks  
  16  1:35  SCV  
  17  1:41  Refinery, Supply Depot  
  17  1:44  Refinery  
  17  1:46  Marine  
  18  2:04  Marine  
  18  2:07  Marine  
  18  2:08  Marine  
  20  2:14  Engineering Bay  
  20  2:33  Barracks Tech Lab  
  20  2:35  Marine  
  20  2:36  Marine  
  22  2:48  Terran Infantry Weapons Level 1  
  22  2:50  SCV  
  23  2:53  Marine  
  24  3:00  Supply Depot  
  24  3:02  SCV  
  24  3:04  Marine  
  26  3:10  Marauder  
  28  3:14  SCV  
  29  3:21  Combat Shields  
  29  3:32  Marauder  
  31  3:35  Marine  
  32  3:42  Marine  
  34  3:56  Marauder  
  34  4:00  Marine  
  36  4:16  Marine  
  37  4:17  Marine  
  37  4:18  Marine  
  39  4:47  Factory  
  39  4:48  Terran Infantry Armor Level 1  
  39  4:50  Stimpack  
  39  5:05  Supply Depot  
  39  5:13  Marine  
  39  5:18  Marauder  
  30  6:01  Marine x3  
  31  6:19  Marine x2  
  31  6:20  Marauder  
  30  6:37  Marine  
  28  6:41  Marauder  
  30  6:59  Marine x2  
  30  7:02  Marauder  
  32  7:08  Factory Tech Lab  
  30  7:17  Marine x2  
  31  7:24  Marauder  
  33  7:35  Marine  
  34  7:40  Siege Tank  
  37  7:45  Marauder  
  39  8:07  Marauder  
  39  8:09  Barracks Reactor  
  41  8:13  Concussive Shells  
  41  8:15  Barracks Reactor  
  41  8:22  Siege Tank  
  44  8:45  Starport  
  44  8:59  Orbital Command  
  26  9:35  Marine x2  
  26  9:36  Marine x3  
  23  9:53  Marine x4  
  23  9:54  Marine  
Show
View Real Time Build Order
Export as new Build Order

Nickos Terran - Winner!

Build Orders:  

Get SALT Encoding   

  12  0:01  SCV  
  13  0:14  SCV  
  14  0:19  Supply Depot  
  14  0:26  SCV  
  15  0:40  SCV  
  15  0:41  Barracks  
  16  0:52  SCV  
  17  1:04  SCV  
  18  1:16  SCV  
  19  1:22  Command Center  
  19  1:29  Marine, SCV  
  21  1:33  Supply Depot  
  21  1:43  Orbital Command  
  21  1:55  Marine  
  21  1:57  Barracks  
  22  2:06  Barracks  
  22  2:09  SCV  
  23  2:15  Marine  
  23  2:21  SCV  
  25  2:23  Refinery x2  
  25  2:33  SCV  
  25  2:34  Marine  
  25  2:37  Orbital Command  
  27  2:45  SCV  
  28  2:51  Bunker, Marine  
  28  2:54  Marine  
  28  2:58  SCV  
  31  3:02  Barracks Tech Lab  
  31  3:04  SCV  
  32  3:10  SCV  
  33  3:13  Barracks Reactor  
  33  3:16  SCV  
  33  3:19  Barracks Reactor  
  34  3:22  SCV  
  35  3:28  SCV  
  37  3:34  SCV  
  37  3:41  Stimpack, SCV  
  38  3:46  SCV  
  39  3:53  SCV  
  40  3:58  SCV, Barracks x2, Factory  
  41  4:04  Marine x2  
  41  4:05  Marine  
  41  4:06  Marauder  
  46  4:21  Supply Depot  
  46  4:23  Supply Depot x2  
  46  4:42  SCV x2, Marine x5  
  46  4:44  Supply Depot  
  53  4:47  Supply Depot  
  53  4:48  Barracks  
  53  4:50  Engineering Bay, Barracks Reactor  
  53  4:51  Barracks Reactor  
  53  4:54  SCV x2  
  55  5:00  Engineering Bay, Marine x2  
  55  5:02  Marine  
  55  5:04  Factory Reactor  
  55  5:06  Supply Depot, SCV  
  59  5:10  Supply Depot  
  59  5:13  Starport, SCV  
  60  5:19  SCV  
  48  5:29  Marine  
  48  5:30  Marine x4  
  48  5:36  Marine  
  48  5:37  Marine x3  
  51  5:46  Marine  
  51  5:47  Marine x2  
  43  6:02  Marine  
  43  6:03  Marine x3  
  43  6:04  Marine  
  42  6:05  SCV x2  
  42  6:16  Marine  
  42  6:18  Hellion x2  
  40  6:27  Marine x4  
  39  6:33  Bunker  
  39  6:37  Marine x2  
  40  6:50  SCV x2  
  40  6:51  Barracks Reactor  
  40  6:52  Barracks Reactor  
  42  7:02  SCV, Marine x4  
  42  7:03  Marine  
  48  7:08  Marine x2  
  50  7:17  SCV x2  
  50  7:19  Terran Infantry Weapons Level 1  
  50  7:20  Marine  
  53  7:29  SCV  
  52  7:34  Marine x2  
  52  7:35  Marine x5  
  52  7:36  Marine x2  
  59  7:39  Marine  
  59  7:42  Supply Depot  
  60  7:46  Marine  
  60  7:49  Medivac x2  
  65  7:52  SCV  
  65  7:56  SCV  
  67  8:04  SCV  
  68  8:22  Marine x6  
  68  8:23  Marine x4  
  68  8:24  Marine  
  68  8:25  Medivac x2  
  83  8:28  Supply Depot  
  83  8:30  Supply Depot  
  83  8:31  SCV x2  
  85  8:39  Marine  
  85  8:40  Marine x2  
  88  8:41  Marine  
  88  8:42  Marine x5  
  88  8:43  SCV  
  95  8:55  Medivac  
  83  9:34  Marine x4  
  87  9:42  Marine  
  87  9:43  Marine x6  
  94  9:52  Marine x4  
Tags
 
Composition
MMM Bio
League
Gold
Matchup
TvT
Race
Terran
Replay Pack
Nickos replay
Add a new tag
Caveats
  • Supply blocks, unpowered buildings, or Contaminate may cause inaccurate times.
  • Supply counts are checked every 10 seconds.